 Dungeon Crawl Stone Soup version 0.29.1-13-g9f3cf754e1 (webtiles) character file.

Game seed: 14546861402692326778

286 shadowmeld the Magician (level 6, 0/42 HPs)
             Began as a Djinni Hedge Wizard on Feb 7, 2023.
             Slain by an ice beast (13 damage)
             ... on level 4 of the Dungeon.
             The game lasted 00:16:33 (3651 turns).

shadowmeld the Magician (Djinni Hedge Wizard)       Turns: 3651, Time: 00:16:35

Health: 0/42       AC:  3    Str:  6    XL:     6   Next: 56%
Gold:   184        EV: 16    Int: 25    God:
                   SH:  0    Dex: 13

rFire   + + .      SeeInvis .   a - +0 dagger
rCold   x . .      Faith    .   (no shield)
rNeg    . . .      Spirit   .   j - +0 leather armour of Impatience {rPois rCorr Str-3 Int+8}
rPois   ∞          Reflect  .   c - +0 hat
rElec   .          Harm     .   (no cloak)
rCorr   +          Rampage  .   (no gloves)
Will    .....                   (boots unavailable)
Stlth   ++........              (no amulet)
HPRegen 0.14/turn               q - +4 ring of evasion
MPRegen 0.00/turn               (no ring)

@: flying
A: sickness immunity, fire resistance 2, cold vulnerability 1, float, innate
caster, HP casting, extra vitality 1
a: no special abilities


You were on level 4 of the Dungeon.
You visited 1 branch of the dungeon, and saw 4 of its levels.

You collected 184 gold pieces.

Inventory:

Hand Weapons
 a - a +0 dagger (weapon)
Missiles
 f - 9 poisoned darts
Armour
 c - a +0 hat (worn)
 j - the +0 leather armour of Impatience (worn) {rPois rCorr Str-3 Int+8}
   (You found it on level 2 of the Dungeon)

   Str:       It affects your strength (-3).
   Int:       It affects your intelligence (+8).
   rPois:     It protects you from poison.
   rCorr:     It protects you from acid and corrosion.
Jewellery
 q - a +4 ring of evasion (left hand)
Wands
 l - a wand of acid (6)
 s - a wand of digging (7)
Scrolls
 b - a scroll of blinking {unknown}
 e - a scroll of teleportation
 g - 2 scrolls of poison {unknown}
 i - a scroll of fear {unknown}
 n - a scroll of acquirement {unknown}
 o - a scroll of enchant weapon {unknown}
 r - a scroll of identify {unknown}
Potions
 d - 3 potions of degeneration {unknown}
 h - 6 potions of curing {unknown}
 k - a potion of attraction {unknown}
 m - a potion of might {unknown}
 p - a potion of magic {unknown}
 t - a potion of flight {unknown}
 u - a potion of invisibility {unknown}


   Skills:
 * Level 1.5 Fighting
 + Level 1.1 Armour
 * Level 3.1 Dodging
 - Level 1.5 Stealth
 * Level 4.6 Spellcasting


You couldn't memorise any spells.
You knew the following spells:

 Your Spells              Type           Power      Damage    Failure   Level
a - Magic Dart            Conj           100%       1d8       1%          1
b - Blink                 Tloc           58%        N/A       3%          2
c - Call Imp              Summ           29%        N/A       3%          2
d - Slow                  Hex            100%       N/A       1%          1
e - Conjure Flame         Conj/Fire      29%        6-21      6%          3
f - Mephitic Cloud        Conj/Pois/Air  29%        N/A       6%          3
g - Shock                 Conj/Air       100%       1d9       1%          1
h - Wereblood             Tmut           29%        N/A       3%          2
Your spell library was empty.

Dungeon Overview and Level Annotations

Branches:
Dungeon (4/15)
 Temple: D:4-7

Altars:
Cheibriados
Xom


Innate Abilities, Weirdness & Mutations

You are immune to sickness and miasma.
You are immune to poison.
Your flesh is very heat resistant. (rF++)
You are vulnerable to cold. (rC-)
You float through the air rather than walking.
You learn spells naturally, not from books.
Your magical power is your life essence.
You have superior vitality. (+4 MHP)


Message History

Casting: Shock (safe; 1% risk of failure)
Confirm with . or Enter, or press ? or * to list all spells.
Aiming: Magic Dart (safe; 1% risk of failure)
Press: ? - help, Shift-Dir - straight line, f/p - ice beast
Aim: an ice beast (100% to hit)
The magic dart hits the ice beast but does no damage.
The ice beast barely misses you.
Casting: Magic Dart (safe; 1% risk of failure)
Confirm with . or Enter, or press ? or * to list all spells.
Aiming: Magic Dart (safe; 1% risk of failure)
Press: ? - help, Shift-Dir - straight line, f/p - ice beast
Aim: an ice beast (100% to hit)
The magic dart hits the ice beast.
The ice beast is lightly wounded.
The ice beast hits you. The ice beast freezes you!
You feel a terrible chill!
Casting: Magic Dart (safe; 1% risk of failure)
Confirm with . or Enter, or press ? or * to list all spells.
Aiming: Magic Dart (safe; 1% risk of failure)
Press: ? - help, Shift-Dir - straight line, f/p - ice beast
Aim: an ice beast (lightly wounded, 100% to hit)
The magic dart hits the ice beast.
The ice beast is moderately wounded.
The ice beast barely misses you.
Casting: Magic Dart (safe; 1% risk of failure)
Confirm with . or Enter, or press ? or * to list all spells.
Aiming: Magic Dart (safe; 1% risk of failure)
Press: ? - help, Shift-Dir - straight line, f/p - ice beast
Aim: an ice beast (moderately wounded, 100% to hit)
The magic dart hits the ice beast.
The ice beast is moderately wounded.
The ice beast misses you.
Casting: Magic Dart (safe; 1% risk of failure)
Confirm with . or Enter, or press ? or * to list all spells.
Aiming: Magic Dart (safe; 1% risk of failure)
Press: ? - help, Shift-Dir - straight line, f/p - ice beast
Aim: an ice beast (moderately wounded, 100% to hit)
The magic dart hits the ice beast!
The ice beast is severely wounded.
The ice beast hits you. The ice beast freezes you!
You feel a terrible chill!
You die...

#..### .# # #.## .....
#....# .. #.##. #.#..#
###..## ..##.#..##...... .
#...# ......#...(.
.##.#.###......#...#
....#......##..[...#
##....###.........##
...#..#)#.###..#Y..#
......###..... #@#.###
..........##.# #.#...# #..
.>.#......... #..##.##..##
..###.#.....# ##.#...)...#
..........#<# #.#........
.#........#..####.#........
.#..[.....##........(......
.#.........######.#........
............## #..........


You could see an ice beast.

Vanquished Creatures
  A phantom (D:4)
  2 jellies (D:3)
  An orc priest (D:3)
  3 gnolls (D:2)
  3 worms
  3 dart slugs
  4 orcs (D:3)
  9 endoplasms
  3 giant cockroaches
  13 goblins
  9 hobgoblins
  An iguana (D:3)
  2 quokkas
  4 ball pythons
  10 bats
  2 frilled lizards
  4 kobolds
  2 rats
76 creatures vanquished.

Vanquished Creatures (others)
  5 toadstools (D:1)
5 creatures vanquished.

Grand Total: 81 creatures vanquished

Notes
Turn   | Place    | Note
-------+----------+-------------------------------------------
     0 | D:1      | shadowmeld the Djinni Hedge Wizard began the quest for the
                  | Orb.
     0 | D:1      | shadowmeld set off with the following spells memorised:
                  | Magic Dart, Blink, Call Imp, Slow, Conjure Flame, Mephitic
                  | Cloud.
     0 | D:1      | Reached XP level 1. HP: 15/15 MP: 0/0
   387 | D:1      | Reached XP level 2. HP: 17/21 MP: 0/0
   682 | D:1      | Found a faded altar of an unknown god.
   832 | D:1      | Reached XP level 3. HP: 20/26 MP: 0/0
   832 | D:1      | Learned a level 1 spell: Shock
   835 | D:1      | Reached skill level 3 in Spellcasting
  1905 | D:2      | Identified the +0 leather armour of Impatience {rPois rCorr
                  | Str-3 Int+8}
  2042 | D:2      | Reached XP level 4. HP: 27/31 MP: 0/0
  2734 | D:3      | Reached XP level 5. HP: 31/36 MP: 0/0
  2734 | D:3      | Learned a level 2 spell: Wereblood
  2800 | D:3      | Reached skill level 1 in Fighting
  2800 | D:3      | Reached skill level 4 in Spellcasting
  3048 | D:3      | Found a shimmering altar of Xom.
  3067 | D:3      | Reached XP level 6. HP: 34/42 MP: 0/0
  3350 | D:4      | Found a snail-covered altar of Cheibriados.
  3423 | D:4      | Reached skill level 1 in Armour
  3640 | D:4      | Noticed an ice beast
  3651 | D:4      | Slain by an ice beast

Illustrated notes

Levels and vault maps discovered:
D:1:      ldierk_walled_garden, layout_basic,
          shapermc_ecumenical_altar_flowoftime, minmay_misc_feat_hallway,
          minmay_tetromino_o2
D:2:      layout_basic, minmay_misc_feat_encased, hangedman_decor_riveting,
          corexii_shack
D:3:      layout_rooms, dk_xom_monty_hall, amethyst_killhole
D:4:      layout_rooms, kennysheep_slug_shrine, minmay_temple_entry_water_ring,
          item_on_display_b

Skill      XL: |  1  2  3  4  5  6 |
---------------+-------------------+-----
Spellcasting   | 3 4 |  4.6
Fighting       | 1 |  1.5
Dodging        | 3 |  3.1
Armour         | 1 |  1.1
Stealth        | |  1.5

Action                   |  1- 3 |  4- 6 || total
-------------------------+-------+-------++-------
 Cast: Magic Dart        |    42 |     5 ||    47
       Shock             |    41 |    86 ||   127
       Wereblood         |       |     1 ||     1
  Use: Scroll            |       |     1 ||     1
Armor: Robe              |     5 |       ||     5
       Leather armour    |       |     4 ||     4
Dodge: Dodged            |    13 |    19 ||    32
